[Event "Titled Tuesday Blitz August 22 Late 2023"]
[White "Czerw, Dawid"]
[Black "Przybylski, Wojciech"]
[WhiteFideId "1145746"]
[BlackFideId "1117599"]
[WhiteElo "2452"]
[BlackElo "2573"]
[Result "1-0"]
[Round "7"]
[TimeControl "180+1"]
[Date "2023.08.22"]
[WhiteClock "0:00:12"]
[BlackClock "0:00:02"]
[Board "87"]

1. e4 e5 2. Nf3 Nc6 3. Bb5 Nf6 4. d3 d6 5. O-O Be7 6. c3 O-O 7. Nbd2 Bg4 8. Re1 a6 9. Ba4 b5 10. Bc2 h6 11. h3 Be6 12. d4 exd4 13. cxd4 d5 14. e5 Nd7 15. Nf1 Re8 16. Ng3 Bb4 17. Rf1 Nf8 18. Nh5 Ng6 19. Nh2 Qe7 20. f4 Nxd4 21. f5 Nxe5 22. fxe6 fxe6 23. Kh1 Nxc2 24. Qxc2 Bd6 25. Nf3 Rf8 26. Bf4 Nxf3 27. Rxf3 e5 28. Bxh6 Rxf3 29. gxf3 Qh4 30. Qf5 Rf8 31. Qe6+ Kh7 32. Rg1 Qxh5 33. Rxg7+ Kh8 34. Rg3 Qf7 35. Bg7+ Qxg7 36. Rxg7 Kxg7 37. Qxd5 Rf4 38. Kg2 Rd4 39. Qe6 Rf4 40. Qd7+ Rf7 41. Qg4+ Kh7 42. Qh5+ Kg8 43. h4 Rh7 44. Qf5 Rf7 45. Qe6 Kf8 46. h5 Re7 47. Qf6+ Rf7 48. Qh8+ Ke7 49. h6 e4 50. fxe4 Rf8 51. Qg7+ Rf7 52. Qg5+ Ke8 53. Qg6 Be5 54. Qe6+ Re7 55. Qg8+ Kd7 56. h7 Re8 57. Kf3 c5 58. Ke2 c4 59. Qf7+ Kd8 60. Qd5+ Kc8 61. Qc6+ Kd8 62. Qxa6 Bh8 63. Qb6+ Kd7 64. Qxb5+ Kd8 65. Qd5+ Ke7 66. Qxc4 Kf8 67. Qc5+ Kf7 68. Qf5+ Bf6 69. a4 Kg7 70. a5 Bxb2 71. a6 Kh8 72. a7 Bd4 73. Qf7 Ra8 74. Qg8+ Rxg8 75. hxg8=Q+ Kxg8 76. a8=Q+ Kf7 77. Qd5+ Kg6 78. Qxd4 Kg5 79. Qd5+ Kg4 80. Qf5+ Kh4 81. Qg6 1-0


[Site "https://www.chess.com"]

[Event "Titled Tuesday Blitz August 22 Late 2023"]
[White "Ilkhomi, Jaloliddin"]
[Black "Haszon, David"]
[WhiteFideId "14700948"]
[BlackFideId "733610"]
[WhiteElo "2565"]
[BlackElo "2447"]
[Result "0-1"]
[Round "7"]
[TimeControl "180+1"]
[Date "2023.08.22"]
[WhiteClock "0:00:20"]
[BlackClock "0:00:56"]
[Board "88"]

1. Nf3 Nf6 2. d4 g6 3. Bg5 Bg7 4. Nbd2 d5 5. e3 O-O 6. Bd3 b6 7. O-O c5 8. c3 Nc6 9. Qe2 Bb7 10. dxc5 bxc5 11. e4 d4 12. Rfd1 e5 13. Nc4 Re8 14. cxd4 Nxd4 15. Nxd4 exd4 16. f3 Qc7 17. Qd2 Nd7 18. Rac1 Ne5 19. Bf4 Qe7 20. Nxe5 Bxe5 21. Rc2 Rac8 22. Rdc1 Qd6 23. Bxe5 Qxe5 24. Qa5 Qg5 25. Rxc5 Qe3+ 26. Kf1 Qxd3+ 27. Kf2 Qe3+ 28. Kg3 Rxc5 29. Rxc5 Bxe4 30. Qb5 Bf5 31. Rd5 Qe1+ 32. Kf4 Qh4+ 33. g4 Qxh2+ 34. Kg5 h6+ 35. Kf6 Re6# 0-1


[Site "https://www.chess.com"]

[Event "Titled Tuesday Blitz August 22 Late 2023"]
[White "Onthequiet"]
[Black "Souleidis, Georgios"]
[BlackFideId "4206827"]
[WhiteElo "2434"]
[BlackElo "2563"]
[Result "1-0"]
[Round "7"]
[TimeControl "180+1"]
[Date "2023.08.22"]
[WhiteClock "0:00:14"]
[BlackClock "0:00:01"]
[Board "89"]

1. d4 Nf6 2. Nf3 g6 3. Bg5 Bg7 4. Nbd2 d5 5. c3 O-O 6. e3 Nbd7 7. Be2 Re8 8. b4 e5 9. O-O a6 10. Nb3 c6 11. a4 h6 12. Bh4 g5 13. Bg3 Ne4 14. Qc1 Nxg3 15. hxg3 e4 16. Nfd2 Nf6 17. c4 Bg4 18. Qd1 Bxe2 19. Qxe2 Qd6 20. c5 Qd7 21. Nb1 Qg4 22. Qxg4 Nxg4 23. Nc3 f5 24. Ra2 Rf8 25. Ne2 Ra7 26. Rfa1 Rfa8 27. Nd2 Kf7 28. Nb1 Ke6 29. Nbc3 Bf6 30. Rb1 Bd8 31. Rab2 Kd7 32. Nd1 Bc7 33. f3 Nf6 34. Kf2 Re8 35. Ndc3 h5 36. b5 axb5 37. axb5 Raa8 38. b6 Bd8 39. Ra2 Rxa2 40. Nxa2 Be7 41. Nec3 Ra8 42. Rb4 Ra3 43. Ra4 Rb3 44. Rb4 Ra3 45. Ke2 exf3+ 46. gxf3 g4 47. Rb2 Bf8 48. f4 Be7 49. Kd1 Ra8 50. Rh2 Rh8 51. Nb4 Ne8 52. Ra2 h4 53. gxh4 Ng7 54. Ra7 Rb8 55. Ncxd5 cxd5 56. c6+ Ke6 57. Rxb7 Rc8 58. Rxe7+ Kxe7 59. Nxd5+ Kd6 60. b7 Rh8 61. c7 Kxd5 62. c8=Q Rxh4 63. b8=Q Ke4 64. Kc2 Kf3 65. Qbb7+ Kg3 66. Qxg7 Rh2+ 67. Kd3 Rh1 68. Qxf5 1-0


[Site "https://www.chess.com"]

[Event "Titled Tuesday Blitz August 22 Late 2023"]
[White "brm72"]
[Black "Nunez V, Gustavo Eduardo"]
[BlackFideId "4403690"]
[WhiteElo "2553"]
[BlackElo "2442"]
[Result "1-0"]
[Round "7"]
[TimeControl "180+1"]
[Date "2023.08.22"]
[WhiteClock "0:00:58"]
[BlackClock "0:00:10"]
[Board "90"]

1. e4 c5 2. Nf3 Nc6 3. Bb5 g6 4. Bxc6 dxc6 5. O-O Bg7 6. d3 e5 7. h3 Qc7 8. Be3 b6 9. a4 a5 10. Nbd2 Nf6 11. Nc4 Nh5 12. Qd2 Be6 13. Qc3 Bxc4 14. Qxc4 O-O 15. c3 Rad8 16. d4 exd4 17. cxd4 cxd4 18. Bxd4 Bxd4 19. Nxd4 c5 20. Nf3 Rd7 21. Rfe1 Rfd8 22. e5 Ng7 23. Ng5 Rd4 24. Qa2 h6 25. Nf3 R4d5 26. Re3 Ne6 27. Rae1 Rd1 28. Nh2 h5 29. Nf3 Qc6 30. Qb3 Rxe1+ 31. Rxe1 Nd4 32. Nxd4 cxd4 33. e6 Qd5 34. exf7+ Qxf7 35. Qxb6 Rd7 36. Qxa5 d3 37. Qd2 Rd5 38. b4 Qd7 39. a5 Qb5 40. Ra1 Kh7 41. a6 Rd8 42. a7 Ra8 43. Ra3 Qb7 44. Qxd3 Rxa7 45. Rxa7 Qxa7 46. g3 Qa1+ 47. Kg2 Qa8+ 48. Kh2 Qb7 49. Qd4 Qf7 50. h4 Qc7 51. Qc5 Qb7 52. b5 Qf7 53. b6 g5 54. Qc7 Qxc7 55. bxc7 gxh4 56. gxh4 Kg6 57. c8=Q Kg7 58. Qf5 Kh6 59. Qg5+ Kh7 60. Kg3 Kh8 61. Kf4 Kh7 62. Ke5 Kh8 63. Kf6 Kh7 64. Qg7# 1-0


[Site "https://www.chess.com"]

[Event "Titled Tuesday Blitz August 22 Late 2023"]
[White "Bochnicka, Vladimir"]
[Black "Leebit02"]
[WhiteFideId "14943450"]
[WhiteElo "2432"]
[BlackElo "2550"]
[Result "0-1"]
[Round "7"]
[TimeControl "180+1"]
[Date "2023.08.22"]
[WhiteClock "0:00:15"]
[BlackClock "0:00:24"]
[Board "91"]

1. e4 c5 2. Nf3 d6 3. d4 cxd4 4. Nxd4 Nf6 5. Nc3 a6 6. h3 e6 7. g4 h6 8. Rg1 b5 9. Bg2 Bb7 10. Qe2 Qc7 11. a3 Nbd7 12. Be3 Ne5 13. f4 Nc4 14. Bc1 Rc8 15. Kf2 d5 16. e5 Bc5 17. Be3 Ne4+ 18. Nxe4 dxe4 19. c3 O-O 20. Rad1 Bd5 21. Kg3 f6 22. exf6 Rxf6 23. Rgf1 Rcf8 24. Kh2 Nxe3 25. Qxe3 Bd6 26. Ne2 Rxf4 27. Nxf4 Bxf4+ 28. Rxf4 Rxf4 29. Qg3 g5 30. Re1 Qe5 31. Kh1 Rf1+ 32. Kh2 Qxg3+ 33. Kxg3 Rxe1 0-1


[Site "https://www.chess.com"]

[Event "Titled Tuesday Blitz August 22 Late 2023"]
[White "Guerra Tulcan, Lenin"]
[Black "Balla, Tamas-Kristof"]
[WhiteFideId "3601382"]
[BlackFideId "1208497"]
[WhiteElo "2550"]
[BlackElo "2432"]
[Result "1-0"]
[Round "7"]
[TimeControl "180+1"]
[Date "2023.08.22"]
[WhiteClock "0:01:08"]
[BlackClock "0:00:00"]
[Board "92"]

1. e4 c5 2. Nf3 Nc6 3. d4 cxd4 4. Nxd4 e5 5. Nb5 d6 6. c4 Be7 7. N1c3 a6 8. Na3 f5 9. exf5 Bxf5 10. Bd3 Be6 11. Qh5+ Bf7 12. Qf3 Nf6 13. O-O O-O 14. Qh3 Nd4 15. Bg5 Be6 16. Qh4 h6 17. Bxf6 Bxf6 18. Qe4 Bf5 19. Qd5+ Be6 20. Qxb7 Rb8 21. Qxa6 Rxb2 22. Nab5 Nxb5 23. Nxb5 Be7 24. Rad1 Rf6 25. Qa3 Rxb5 26. cxb5 d5 27. Qb2 e4 28. Bxe4 Bc5 29. Bf3 Qb6 30. Bxd5 Bxd5 31. Rxd5 Be7 32. a4 Qe6 33. Qe5 Qf7 34. a5 Qg6 35. Qxe7 1-0


[Site "https://www.chess.com"]

[Event "Titled Tuesday Blitz August 22 Late 2023"]
[White "Mazibuko, Khanya"]
[Black "Shapiro, Viktor"]
[WhiteFideId "14321041"]
[BlackFideId "4175700"]
[WhiteElo "2422"]
[BlackElo "2542"]
[Result "0-1"]
[Round "7"]
[TimeControl "180+1"]
[Date "2023.08.22"]
[WhiteClock "0:00:00"]
[BlackClock "0:00:12"]
[Board "93"]

1. e4 Nf6 2. e5 Nd5 3. d4 d6 4. exd6 cxd6 5. Nf3 g6 6. Be2 Bg7 7. O-O O-O 8. Re1 Nc6 9. c4 Nb6 10. h3 e5 11. Be3 h6 12. Nc3 f5 13. dxe5 dxe5 14. Qxd8 Rxd8 15. Bxb6 axb6 16. Nd5 e4 17. Nh4 g5 18. Nxb6 Ra5 19. Rad1 Rxd1 20. Rxd1 Be6 21. Ng6 Rxa2 22. Bh5 Rxb2 23. c5 Bd4 24. Ne7+ Kg7 25. Nxc6 Bxf2+ 26. Kf1 bxc6 27. Rd6 Ba2 28. Rg6+ Kh7 29. Rxc6 Bg3 30. Bg6+ Kg7 31. Bh5 Rf2+ 32. Kg1 g4 33. Rd6 Rc2 34. Rd1 gxh3 35. gxh3 Bf2+ 36. Kf1 Bxc5 37. Nd7 Be3 38. Be2 Be6 39. Ne5 Kf6 40. Nd7+ Ke7 41. Ne5 f4 42. Bg4 Kf6 43. Bxe6 Kxe5 44. Bg4 f3 45. Rb1 Kf4 46. Ra1 Kg3 47. Rd1 Bc5 48. Re1 e3 49. Rb1 e2+ 50. Ke1 Bb4+ 51. Rxb4 Rc1+ 52. Kd2 e1=Q+ 53. Kd3 Qxb4 0-1


[Site "https://www.chess.com"]

[Event "Titled Tuesday Blitz August 22 Late 2023"]
[White "Harriott, Tyrell"]
[Black "matenitian"]
[WhiteFideId "2086484"]
[WhiteElo "2412"]
[BlackElo "2533"]
[Result "1-0"]
[Round "7"]
[TimeControl "180+1"]
[Date "2023.08.22"]
[WhiteClock "0:00:16"]
[BlackClock "0:00:00"]
[Board "94"]

1. d4 Nf6 2. e3 c5 3. c3 b6 4. f4 Bb7 5. Nf3 Qc7 6. Bd3 g6 7. O-O Bg7 8. Nbd2 cxd4 9. exd4 Qxf4 10. Ne5 Qh4 11. Ndc4 d6 12. Rf4 Qh5 13. Be2 Qg5 14. Nf3 Qd5 15. Ne3 Qc6 16. d5 Qc5 17. Rc4 Qa5 18. b4 Qa6 19. Rc6 Nxd5 20. Bxa6 Bxc6 21. Nxd5 Nxa6 22. Qe2 Bxd5 23. Qxa6 O-O 24. Qd3 Bb7 25. Bd2 Rac8 26. Nd4 e6 27. Nb5 Rfd8 28. Nxa7 Ra8 29. Nb5 Bd5 30. a4 Rac8 31. Be3 Bc4 32. Qe4 Bxb5 33. axb5 Rxc3 34. Bxb6 Rdc8 35. h3 1-0


[Site "https://www.chess.com"]

[Event "Titled Tuesday Blitz August 22 Late 2023"]
[White "Sivakumar, Shaaketh"]
[Black "Polaczek, Richard"]
[WhiteFideId "30940176"]
[BlackFideId "200026"]
[WhiteElo "2532"]
[BlackElo "2401"]
[Result "0-1"]
[Round "7"]
[TimeControl "180+1"]
[Date "2023.08.22"]
[WhiteClock "0:00:19"]
[BlackClock "0:00:38"]
[Board "95"]

1. e4 Nf6 2. Nc3 d5 3. e5 Nfd7 4. d4 e6 5. f4 c5 6. Nf3 Nc6 7. Be3 Be7 8. Qd2 O-O 9. Ne2 b6 10. c3 Ba6 11. g4 f6 12. Ng3 Bxf1 13. Rxf1 cxd4 14. Nxd4 Nxd4 15. cxd4 fxe5 16. fxe5 Rxf1+ 17. Kxf1 Bh4 18. Kg2 Bxg3 19. Kxg3 Qe8 20. Qd3 Rc8 21. Rf1 Nf8 22. h4 Qa4 23. Bg5 Qd7 24. Qf3 h6 25. Bd2 Qe7 26. Qb3 Ng6 27. Rh1 Qf7 28. h5 Rf8 29. Qe3 Ne7 30. Bb4 a5 31. Bd6 Kh8 32. Rh2 Kg8 33. Qa3 Qf4+ 34. Kh3 Qf1+ 35. Kg3 Nf5+ 36. gxf5 Rxf5 37. Qe3 Rg5+ 38. Kh4 Qf5 39. Rf2 Qg4# 0-1


[Site "https://www.chess.com"]

[Event "Titled Tuesday Blitz August 22 Late 2023"]
[White "Delorme, Axel"]
[Black "Jovic, Stanoje"]
[WhiteFideId "632023"]
[BlackFideId "905020"]
[WhiteElo "2385"]
[BlackElo "2528"]
[Result "1-0"]
[Round "7"]
[TimeControl "180+1"]
[Date "2023.08.22"]
[WhiteClock "0:01:12"]
[BlackClock "0:00:00"]
[Board "96"]

1. d4 Nf6 2. Nf3 e6 3. g3 c5 4. Bg2 Nc6 5. O-O d5 6. c4 dxc4 7. Qa4 Bd7 8. Qxc4 Qb6 9. Nc3 cxd4 10. Nb5 Bc5 11. Bf4 Nd5 12. Rfc1 Nxf4 13. gxf4 a6 14. Qxc5 Qxc5 15. Rxc5 axb5 16. Rxb5 Ra7 17. a3 Ke7 18. Rd1 Rc8 19. Rc5 Ra4 20. Rdc1 f6 21. Kf1 Kd6 22. R5c4 Rxc4 23. Rxc4 e5 24. fxe5+ fxe5 25. Nd2 Bf5 26. Ne4+ Bxe4 27. Bxe4 h6 28. b4 Ra8 29. b5 Na5 30. Ra4 Kc5 31. Bxb7 Ra7 32. Ba6 Nc4 33. Rb4 Nb6 34. Rb1 Kc4 35. a4 Kc3 36. a5 Nc4 37. Rc1+ Kb4 38. Rxc4+ Kxc4 39. b6+ Rxa6 40. b7 Rxa5 41. b8=Q e4 42. Qc7+ Rc5 43. Qxg7 d3 44. exd3+ exd3 45. Qxh6 Kc3 46. Qc1+ Kd4 47. Qxc5+ 1-0


[Site "https://www.chess.com"]

[Event "Titled Tuesday Blitz August 22 Late 2023"]
[White "Ozen, Batuhan"]
[Black "Lawson, Eric"]
[WhiteFideId "6345123"]
[BlackFideId "2604116"]
[WhiteElo "2374"]
[BlackElo "2524"]
[Result "1-0"]
[Round "7"]
[TimeControl "180+1"]
[Date "2023.08.22"]
[WhiteClock "0:00:38"]
[BlackClock "0:00:46"]
[Board "97"]

1. e4 c5 2. Nf3 Nc6 3. Bb5 g6 4. Bxc6 dxc6 5. h3 Bg7 6. d3 Nf6 7. Nc3 c4 8. Be3 cxd3 9. cxd3 b6 10. Qd2 c5 11. O-O-O h6 12. g4 Bb7 13. g5 hxg5 14. Nxg5 Qd7 15. Rhe1 Nh7 16. Nf3 Qxh3 17. Qe2 Qd7 18. d4 cxd4 19. Bxd4 Bxd4 20. Rxd4 Qg4 21. Qe3 Nf6 22. Rg1 Qe6 23. Ng5 Qe5 24. f4 Qc5 25. Rgd1 e5 26. fxe5 Ng4 27. Qf4 Nxe5 28. Qf6 Rh2 29. Rd8+ Rxd8 30. Rxd8# 1-0


[Site "https://www.chess.com"]

[Event "Titled Tuesday Blitz August 22 Late 2023"]
[White "Lima, Kleyton Alcantara"]
[Black "Ovezdurdyyeva, Jemal"]
[WhiteFideId "22718397"]
[BlackFideId "14001888"]
[WhiteElo "2521"]
[BlackElo "2396"]
[Result "0-1"]
[Round "7"]
[TimeControl "180+1"]
[Date "2023.08.22"]
[WhiteClock "0:00:15"]
[BlackClock "0:00:13"]
[Board "98"]

1. d4 Nf6 2. c4 e6 3. g3 d5 4. Nf3 Be7 5. Bg2 O-O 6. O-O Ne4 7. Nbd2 f5 8. Qc2 c6 9. b3 Nd7 10. Bb2 Qc7 11. Rac1 Bf6 12. Rfd1 g5 13. e3 g4 14. Ne1 h5 15. h4 gxh3 16. Bxh3 h4 17. gxh4 Bxh4 18. Nd3 Kf7 19. f4 Rg8+ 20. Kh1 Rh8 21. Nf3 Ndf6 22. Nde5+ Ke8 23. Rg1 Nf2+ 24. Kh2 Nxh3 25. Kxh3 Bf2+ 26. Kg2 Bxg1 27. Rxg1 Qh7 28. Kf1 Qh3+ 29. Ke1 Bd7 30. Qe2 Kd8 31. Nf7+ Kc7 32. Nxh8 Rxh8 33. cxd5 exd5 34. Qg2 Qxg2 35. Rxg2 Ng4 36. Kd2 Rh1 37. Ne5 Rb1 38. Bc3 b5 39. Nxg4 fxg4 40. Kc2 Rh1 41. a3 Bf5+ 42. Kd2 Kd6 43. Bb4+ Ke6 44. Bc5 a6 45. a4 bxa4 46. bxa4 Ra1 47. Kc3 Rxa4 48. Bf8 Rc4+ 49. Kb3 a5 50. Bc5 Rc1 51. Ka4 Ra1+ 52. Kb3 Re1 53. Rg3 Re2 54. Bb6 Bc2+ 55. Kc3 a4 56. Bc5 Kf5 57. Bd6 Bd1 58. Kd3 Rb2 59. Kc3 Rf2 60. Rg1 Bb3 61. Kb4 Rf3 62. Kc5 Rxe3 63. Kxc6 Rc3+ 64. Kb5 g3 65. Kb4 Rd3 66. Ka3 Bd1+ 67. Kb2 Kg4 68. f5 Kh3 69. Rxg3+ Rxg3 70. Bxg3 Kxg3 71. Ka3 Bh5 72. Kxa4 Kf4 73. Kb4 Ke4 74. Kc5 Bf7 75. f6 Kf5 76. Kd6 Kxf6 77. Kc5 Kf5 78. Kd6 Ke4 79. Ke7 Kxd4 80. Kxf7 Ke4 81. Kf6 d4 82. Ke6 d3 83. Kf6 d2 84. Ke6 d1=Q 85. Kf6 Qd4+ 86. Ke6 Qd5+ 87. Kf6 Qe5+ 88. Kf7 Qd6 89. Kg7 Qe6 0-1


[Site "https://www.chess.com"]

[Event "Titled Tuesday Blitz August 22 Late 2023"]
[White "Labussiere, Yago"]
[Black "Kaplan, Avi Harrison"]
[WhiteFideId "2186969"]
[BlackFideId "30934559"]
[WhiteElo "2370"]
[BlackElo "2520"]
[Result "1-0"]
[Round "7"]
[TimeControl "180+1"]
[Date "2023.08.22"]
[WhiteClock "0:01:17"]
[BlackClock "0:00:05"]
[Board "99"]

1. c4 g6 2. Nc3 Bg7 3. d4 d6 4. e4 Nc6 5. Be3 e5 6. Nge2 f5 7. d5 Nce7 8. f3 Nf6 9. h3 fxe4 10. fxe4 O-O 11. Qd2 Rf7 12. O-O-O Qf8 13. g4 a6 14. Kb1 b5 15. g5 Nh5 16. cxb5 axb5 17. Nxb5 Nxd5 18. exd5 Bf5+ 19. Ka1 c6 20. dxc6 Be4 21. Rg1 Rf3 22. Nec3 Bxc6 23. Bc4+ Kh8 24. Bd5 Bxd5 25. Nxd5 e4 26. Nbc3 Qf7 27. Bd4 Nf4 28. Nxf4 Rxf4 29. Bxg7+ Kxg7 30. Qxd6 Rf3 31. Qe5+ Kg8 32. Qxe4 Re8 33. Qd5 Rf2 34. Qxf7+ Rxf7 35. a4 Ra7 36. Rge1 Rc8 37. Rd5 h5 38. gxh6 Kh7 39. Re6 Kxh6 40. Rdd6 Rg8 41. Ra6 Rd7 42. a5 Rd2 43. Rab6 Kh5 44. a6 Ra8 45. Kb1 Kh4 46. Rxg6 Rf2 47. Rg4+ Kxh3 48. Rg7 Rf1+ 49. Ka2 Rh8 50. a7 Rff8 51. Nb5 Ra8 52. Rd6 Kh2 53. Rd2+ Kh1 54. Rd1+ Kh2 55. Rdg1 Rh6 56. R7g2+ Kh3 57. Rh1+ Kxg2 58. Rxh6 Kf3 59. Ra6 Kg2 60. Nc7 Rf8 61. a8=Q+ Rf3 62. Ra4 Kg3 63. Qxf3+ Kh2 64. Rh4+ Kg1 65. Rh1# 1-0


[Site "https://www.chess.com"]

[Event "Titled Tuesday Blitz August 22 Late 2023"]
[White "rionelG"]
[Black "szachmistrz2500"]
[WhiteElo "2360"]
[BlackElo "2517"]
[Result "0-1"]
[Round "7"]
[TimeControl "180+1"]
[Date "2023.08.22"]
[WhiteClock "0:00:13"]
[BlackClock "0:01:30"]
[Board "100"]

1. e4 c5 2. g3 Nc6 3. Bg2 g6 4. Ne2 Bg7 5. c3 e5 6. d3 Nge7 7. Be3 d6 8. O-O O-O 9. f4 f5 10. fxe5 Nxe5 11. Nd2 Ng4 12. Bf4 Be6 13. Nf3 h6 14. Qd2 Kh7 15. Rae1 Qd7 16. h3 Ne5 17. exf5 Nxf5 18. g4 Nxf3+ 19. Bxf3 Nh4 20. Bh1 Bxg4 21. hxg4 Qxg4+ 22. Bg3 Be5 23. Qe3 h5 24. Kh2 Nf5 25. Qf3 Nxg3 26. Qxg4 Nxf1+ 27. Kg1 hxg4 28. Bxb7 Rab8 0-1


[Site "https://www.chess.com"]

[Event "Titled Tuesday Blitz August 22 Late 2023"]
[White "Sreyas Payyappat"]
[Black "Martinez, Shawn"]
[WhiteFideId "46674969"]
[BlackFideId "2039770"]
[WhiteElo "2515"]
[BlackElo "2353"]
[Result "1-0"]
[Round "7"]
[TimeControl "180+1"]
[Date "2023.08.22"]
[WhiteClock "0:00:14"]
[BlackClock "0:00:00"]
[Board "101"]

1. e4 c5 2. Nf3 e6 3. d4 cxd4 4. Nxd4 a6 5. Nc3 Bb4 6. Be3 Qc7 7. Qd2 Nf6 8. Bd3 d5 9. O-O e5 10. Ncb5 axb5 11. Nxb5 Qe7 12. c3 Bc5 13. exd5 Nxd5 14. Bxc5 Qxc5 15. b4 Qc6 16. c4 Nf4 17. Be4 Qh6 18. Nc7+ Ke7 19. Rad1 Ra3 20. b5 Ra4 21. Qc2 Ra7 22. Qb2 f5 23. Qxe5+ Be6 24. Bxf5 Ne2+ 25. Qxe2 Nd7 26. Bxe6 Qxe6 27. Qxe6+ 1-0


[Site "https://www.chess.com"]

[Event "Titled Tuesday Blitz August 22 Late 2023"]
[White "Janaszak, Dawid"]
[Black "Chemin, Justo Reinaldo"]
[WhiteFideId "1119206"]
[BlackFideId "2101580"]
[WhiteElo "2511"]
[BlackElo "2295"]
[Result "1-0"]
[Round "7"]
[TimeControl "180+1"]
[Date "2023.08.22"]
[WhiteClock "0:00:39"]
[BlackClock "0:00:00"]
[Board "102"]

1. c4 e6 2. Nf3 d5 3. b3 Nf6 4. Bb2 a6 5. g4 Nxg4 6. Rg1 Nf6 7. Qc2 Nc6 8. Nc3 d4 9. Ne4 e5 10. O-O-O Bf5 11. Nfg5 Bg6 12. a3 a5 13. Bg2 Be7 14. h4 h6 15. Ne6 Bxe4 16. Nxg7+ Kf8 17. Bxe4 Rg8 18. Nf5 h5 19. Rxg8+ Kxg8 20. Rg1+ Kf8 21. Nh6 Qd6 22. Bd5 Nd8 23. Qh7 Ke8 24. Bxf7+ Kd7 25. Qf5+ Kc6 26. Rg6 a4 27. b4 d3 28. exd3 1-0


[Site "https://www.chess.com"]

[Event "Titled Tuesday Blitz August 22 Late 2023"]
[White "Akhayan, Ruben"]
[Black "Swicarz, Maciej"]
[WhiteFideId "204439"]
[BlackFideId "1113585"]
[WhiteElo "2278"]
[BlackElo "2507"]
[Result "0-1"]
[Round "7"]
[TimeControl "180+1"]
[Date "2023.08.22"]
[WhiteClock "0:00:25"]
[BlackClock "0:01:27"]
[Board "103"]

1. e4 c5 2. Nf3 d6 3. d4 cxd4 4. Nxd4 Nf6 5. Nc3 a6 6. Bc4 e6 7. Bb3 b5 8. O-O Be7 9. f4 O-O 10. e5 dxe5 11. fxe5 Nfd7 12. Be3 Nxe5 13. Qh5 Ng6 14. Rf3 Nd7 15. Nxe6 fxe6 16. Bxe6+ Kh8 17. Rh3 Nf6 18. Qxg6 Bxe6 19. Rh4 Bg8 20. Rd1 Qe8 21. Qg3 b4 22. Ne4 Nd5 23. Bd4 Qf7 24. Rh5 Nf6 25. Nxf6 Bxf6 26. Rf5 Bxd4+ 27. Rxd4 Qxf5 0-1


[Site "https://www.chess.com"]

[Event "Titled Tuesday Blitz August 22 Late 2023"]
[White "Wieczorek, Zbigniew"]
[Black "only_strong_moves"]
[WhiteFideId "1102001"]
[WhiteElo "2195"]
[BlackElo "2507"]
[Result "0-1"]
[Round "7"]
[TimeControl "180+1"]
[Date "2023.08.22"]
[WhiteClock "0:00:00"]
[BlackClock "0:00:09"]
[Board "104"]

1. g3 Nf6 2. Bg2 d5 3. c4 e6 4. Nf3 dxc4 5. Qa4+ Nbd7 6. Qxc4 a6 7. O-O b5 8. Qc2 Bb7 9. d3 Be7 10. a4 b4 11. b3 O-O 12. Bb2 Nd5 13. e4 N5b6 14. Nbd2 Bf6 15. d4 c5 16. a5 Nc8 17. e5 Be7 18. Ne4 cxd4 19. Neg5 g6 20. h4 Na7 21. Bxd4 Nb5 22. Rfd1 Rc8 23. Qd2 Bd5 24. Qe3 Nxd4 25. Rxd4 Rc3 26. Qd2 Qa8 27. Ne1 Nxe5 28. Rxd5 exd5 29. Bxd5 Qd8 30. Rd1 Bxg5 31. Qxg5 Qxg5 32. hxg5 Kg7 33. f4 Ng4 34. Rd4 Ne3 35. Bb7 Rxb3 36. Bxa6 Rb1 37. Kf2 Rxe1 38. Kxe1 Nc2+ 39. Kd2 Nxd4 0-1


[Site "https://www.chess.com"]

[Event "Titled Tuesday Blitz August 22 Late 2023"]
[White "Koziorowicz, Michal"]
[Black "GAO"]
[WhiteFideId "21809194"]
[WhiteElo "2639"]
[BlackElo "2293"]
[Result "1/2-1/2"]
[Round "7"]
[TimeControl "180+1"]
[Date "2023.08.22"]
[WhiteClock "0:00:08"]
[BlackClock "0:00:18"]
[Board "105"]

1. d4 Nf6 2. c4 e6 3. Nf3 Bb4+ 4. Bd2 Qe7 5. g3 Nc6 6. Bg2 Bxd2+ 7. Qxd2 Ne4 8. Qc2 Qb4+ 9. Nc3 Nxc3 10. Qxc3 Qxc3+ 11. bxc3 O-O 12. Kd2 Na5 13. Kd3 b6 14. Ne5 Rb8 15. Rab1 f6 16. Ng4 Ba6 17. Ne3 Rbc8 18. h4 d5 19. h5 Nxc4 20. Nxc4 Bxc4+ 21. Kd2 Kf7 22. h6 g6 23. e4 a5 24. a3 Rfd8 25. exd5 Bxd5 26. Bxd5 Rxd5 27. Rh4 e5 28. Kd3 g5 29. Re4 Ke6 30. Kc4 Rcd8 31. Rb5 Rxb5 32. Kxb5 Kd5 33. Re1 exd4 34. cxd4 Rd7 35. Re8 Kxd4 36. Rg8 Kd5 37. Rg7 Kd6 38. Kc4 c6 39. f4 gxf4 40. gxf4 b5+ 41. Kc3 c5 42. Kb3 Kc6 43. Kc3 Kd6 44. f5 Re7 45. Kd3 b4 46. axb4 cxb4 47. Kc4 Rc7+ 48. Kb3 Kc6 49. Ka4 Kb6 50. Kb3 Rc3+ 51. Kb2 Rc7 52. Kb3 Rb7 53. Ka4 Ra7 54. Kb3 Ka6 55. Ka4 Kb6 56. Kb3 Rb7 57. Ka4 Rc7 58. Kb3 1/2-1/2


[Site "https://www.chess.com"]

[Event "Titled Tuesday Blitz August 22 Late 2023"]
[White "Fiorito, Joaquin"]
[Black "Jorajuria Mendoza, Algol"]
[WhiteFideId "180173"]
[BlackFideId "5128897"]
[WhiteElo "2606"]
[BlackElo "2413"]
[Result "0-1"]
[Round "7"]
[TimeControl "180+1"]
[Date "2023.08.22"]
[WhiteClock "0:01:41"]
[BlackClock "0:00:15"]
[Board "106"]

1. d4 Nf6 2. c4 e6 3. Nc3 Bb4 4. e3 O-O 5. Bd2 b6 6. Nf3 Bb7 7. Bd3 d5 8. cxd5 exd5 9. Rc1 c5 10. Ne5 cxd4 11. exd4 Bxc3 12. bxc3 Ne4 13. O-O Nxd2 14. Qxd2 Nd7 15. Rce1 Nxe5 16. Rxe5 Qf6 17. Rfe1 g6 18. Re7 Bc6 19. f4 Rfe8 20. R7e5 Rxe5 21. fxe5 Qe7 22. Rf1 Bd7 23. c4 Be6 24. cxd5 Bxd5 25. Rc1 Rd8 26. Bf1 Kg7 27. a4 Be6 28. a5 bxa5 29. Ra1 Qb4 30. Rd1 Qxd2 31. Rxd2 a4 32. Kf2 a3 33. Ke3 a2 34. Rd1 Rb8 35. Bd3 Bf5 36. Ra1 Rb3 37. g4 Bxd3 38. d5 Bc4+ 39. Kd4 Rb1 40. Rxa2 Bxa2 41. d6 Be6 42. g5 a5 43. h4 a4 44. d7 Bxd7 45. Kc5 Be6 46. Kd6 a3 47. Ke7 a2 48. Kd6 a1=Q 49. Kc5 Qxe5+ 50. Kc6 Qd5+ 51. Kc7 Qd7# 0-1


[Site "https://www.chess.com"]

[Event "Titled Tuesday Blitz August 22 Late 2023"]
[White "SergioMoralesG"]
[Black "Pinheiro, Iung Alicio de O."]
[BlackFideId "2104350"]
[WhiteElo "2413"]
[BlackElo "2585"]
[Result "1-0"]
[Round "7"]
[TimeControl "180+1"]
[Date "2023.08.22"]
[WhiteClock "0:00:36"]
[BlackClock "0:00:09"]
[Board "107"]

1. d4 Nf6 2. c4 e6 3. Nf3 Bb4+ 4. Nbd2 O-O 5. a3 Be7 6. e4 d6 7. Bd3 e5 8. dxe5 dxe5 9. Nxe5 Bc5 10. O-O Re8 11. Ndf3 Bd6 12. Bf4 Nh5 13. Nxf7 Kxf7 14. Ng5+ Kg6 15. e5+ Bf5 16. Bxf5+ Kxf5 17. Qxh5 Kxf4 18. Nh3+ Ke4 19. Qf3+ Kxe5 20. Rfe1+ Kd4 21. Qd5# 1-0


[Site "https://www.chess.com"]

[Event "Titled Tuesday Blitz August 22 Late 2023"]
[White "Arnold, Ken"]
[Black "Martinez Reyes, Pedro Ramon"]
[WhiteFideId "2056836"]
[BlackFideId "3901807"]
[WhiteElo "2404"]
[BlackElo "2581"]
[Result "1-0"]
[Round "7"]
[TimeControl "180+1"]
[Date "2023.08.22"]
[WhiteClock "0:00:47"]
[BlackClock "0:01:16"]
[Board "108"]

1. e4 c5 2. Nf3 Nc6 3. Bb5 d6 4. d4 cxd4 5. Nxd4 Bd7 6. O-O Nxd4 7. Bxd7+ Qxd7 8. Qxd4 Nf6 9. c4 g6 10. Nc3 Bg7 11. Bg5 O-O 12. Qd3 Rac8 13. Rac1 Qe6 14. b3 h6 15. Bxf6 Bxf6 16. Nd5 Bg7 17. a4 a6 18. g3 Rc6 19. Rc2 Qd7 20. Rfc1 e6 21. Ne3 Rfc8 22. Kg2 Qc7 23. h4 h5 24. Rd1 b5 25. axb5 axb5 26. Rcd2 b4 27. Ra2 Qb6 28. Rc1 Bd4 29. Nd1 Bc5 30. Rca1 Qb7 31. Qf3 R6c7 32. Nb2 Bd4 33. Rd1 Bc5 34. Nd3 Rd7 35. Rda1 Rcd8 36. Ra5 Qc7 37. Rb5 Qc6 38. Raa5 Qc7 39. e5 Bd4 40. exd6 Rxd6 41. Rb7 Qxa5 42. Qxf7+ Kh8 43. Qh7# 1-0


[Site "https://www.chess.com"]